 Dungeon Crawl Stone Soup version 0.17-a0-1842-gacc33f2 (webtiles) character file.

3667 dpvblackbelt the Spear-Bearer (level 10, -7/111 HPs)
             Began as a Merfolk Gladiator on Sept 18, 2015.
             Was a Priest of Yredelemnul.
             Killed by Freeze
             ... invoked by Kolbur's ghost
              (13 damage)
             ... on level 7 of the Dungeon.
             The game lasted 00:22:05 (9348 turns).

dpvblackbelt the Spear-Bearer (Merfolk Gladiator)   Turns: 9348, Time: 00:22:07

Health: -7/111     AC: 25    Str: 15    XL:     10   Next: 12%
Magic:  15/15      EV:  2    Int:  9    God:    Yredelemnul [***...]
Gold:   249        SH:  0    Dex: 17    Spells: 0 memorised, 9 levels left

rFire  . . .     SeeInvis .     D - +1 trident (venom)
rCold  . . .     Clarity  .     (armour currently unavailable)
rNeg   + + +     SustAt   .     (no shield)
rPois  +         Gourm    .     (helmet currently unavailable)
rElec  .         Spirit   .     (cloak currently unavailable)
rCorr  .         Warding  .     (gloves currently unavailable)
rMut   .         NoTele   +     (boots currently unavailable)
MR     .....                    (no amulet)
Stlth  ++........               (no ring)
                                (no ring)

@: tree-form, not resistant to hostile enchantments, unstealthy
A: (change form in water), (swift swim)
a: Animate Dead, Recall Undead Slaves, Injury Mirror, Renounce Religion


You were on level 7 of the Dungeon.
You worshipped Yredelemnul.
Yredelemnul was most pleased with you.
You were near starving.
You were a tree.
You visited 1 branch of the dungeon, and saw 8 of its levels.

You collected 249 gold pieces.

Inventory:

Hand weapons
 a - a +0 trident
 D - a +1 trident of venom (weapon)
Missiles
 d - 3 throwing nets (quivered)
Armour
 b - a +0 leather armour (melded)
 c - a +0 helmet (melded)
 B - a +0 cloak (melded)
Jewellery
 j - an uncursed amulet of faith
 m - an uncursed ring of fire
 y - an uncursed ring of protection from magic {unknown}
Magical devices
 t - a wand of fireball (4)
 G - a wand of digging (4)
Scrolls
 e - a scroll of magic mapping
 i - a scroll of blinking
 k - 4 scrolls of identify
 n - 2 scrolls of immolation
 r - a scroll of enchant weapon {unknown}
 s - a scroll of enchant armour {unknown}
 A - a scroll of amnesia {unknown}
 E - a scroll of remove curse {unknown}
 F - a scroll of random uselessness {unknown}
Potions
 h - 2 potions of lignification
 o - a potion of haste {unknown}
 p - a potion of flight {unknown}
 q - a potion of poison {unknown}
 u - a potion of berserk rage {unknown}
 C - a potion of agility {unknown}
Comestibles
 f - 5 bread rations
 l - 3 fruits
 v - a slice of pizza
 w - 4 meat rations
 x - a royal jelly


   Skills:
 - Level 5.2 Fighting
 - Level 14.1 Polearms
 - Level 2.0 Throwing
 + Level 8.5 Dodging
 - Level 7.7 Invocations


You had 9 spell levels left.
You didn't know any spells.

Dungeon Overview and Level Annotations

Branches:
Dungeon (8/15)             Temple (0/1) D:6
   Lair: D:8-11

Altars:
Cheibriados
Elyvilon
Fedhas
Nemelex Xobeh
Trog
Yredelemnul

Annotations:
D:2 Sigmund
D:7 Kolbur's ghost, experienced MfIE


Message History

The killer bee stings you but does no damage.
The killer bee stings you.
* * * LOW HITPOINT WARNING * * *
You barely miss the killer bee.
Kolbur's ghost hits you but does no damage.
The killer bee stings you but does no damage.
You closely miss the killer bee.
The killer bee stings you but does no damage.
Kolbur's ghost gestures at you while chanting.
You are frozen.
* * * LOW HITPOINT WARNING * * *
You miss the killer bee.
The killer bee stings you but does no damage.
You hit the killer bee.
The killer bee is poisoned.
The killer bee is lightly wounded.
The killer bee stings you but does no damage.
Kolbur's ghost casts a spell at you.
You are frozen.
You die...
Your body rises from the dead as a mindless zombie.

>........##.)..((...# **,,,,**
.........##.[)..(...####*,,,,,,**
.........##.............,,,,,,,,*
.).......##.........##***,,,,,,**
.<......)[....##....# *,,,,,,,,,,
.........####..#.##.###.##*,,****
.........# ##...(.......###,*
.........# ###yW[.###....#,*
.........# #♣#......[..#,****
.........# #.#).........,,,,,
<.......## #.#..)##....*.#***
#......## #.#(..#**#..*.# *
#.......## ###...#[####.##.#*##
....[....# ##[..###[[.##.#..##..
.........# #..#.# ###..#........
........>####.##.# ###W....#...#
.........#....##.####.........##.


You could see a killer bee and Kolbur's ghost.

Vanquished Creatures
  Grinder (D:4)
  A human (D:2)
  A hungry ghost (D:7)
  Menkaure (D:5)
  A water moccasin (D:7)
  4 ice beasts
  A black bear (D:6)
  2 ogres
  5 orc warriors
  A centaur (D:6)
  A phantom (D:4)
  2 giant frogs (D:7)
  4 scorpions
  3 crimson imps
  A gnoll shaman (D:8)
  6 hounds
  2 jellies (D:5)
  8 orc wizards
  Crazy Yiuf (D:6)
  6 orc priests
  A giant frog zombie (D:7)
  A giant frog skeleton (D:4)
  5 worker ants
  3 iguanas
  2 sheep (D:8)
  11 adders
  2 gnolls (D:8)
  2 shadow imps
  2 adder skeletons
  10 giant geckos
  39 orcs
  7 bats
  8 giant cockroaches
  9 hobgoblins
  A quokka (D:5)
  A ball python skeleton (D:4)
  A giant gecko skeleton (D:4)
  5 giant newts
  7 goblins
  10 kobolds
  8 rats
  A fungus (D:6)
188 creatures vanquished.

Notes
Turn   | Place    | Note
--------------------------------------------------------------
     0 | D:1      | dpvblackbelt the Merfolk Gladiator began the quest for the Orb.
     0 | D:1      | Reached XP level 1. HP: 16/16 MP: 1/1
   106 | D:1      | Reached skill level 5 in Polearms
   108 | D:1      | Reached XP level 2. HP: 22/22 MP: 2/2
   527 | D:1      | Reached XP level 3. HP: 22/27 MP: 3/3
   614 | D:2      | Reached skill level 6 in Polearms
   875 | D:2      | Found a runed door.
   875 | D:2      | Found a basalt altar of Yredelemnul.
   875 | D:2      | Noticed a human
   885 | D:2      | Reached XP level 4. HP: 33/33 MP: 4/4
   923 | D:2      | HP: 2/49 [human (5)]
   926 | D:2      | Killed a human
   926 | D:2      | Reached skill level 9 in Polearms
   926 | D:2      | Reached XP level 5. HP: 3/38 MP: 5/5
   985 | D:2      | Became a worshipper of Yredelemnul the Dark
  1433 | D:2      | Noticed Sigmund
  2118 | D:3      | Reached XP level 6. HP: 35/44 MP: 6/6
  2509 | D:3      | Found a blossoming altar of Fedhas.
  2509 | D:3      | Found a sparkling altar of Nemelex Xobeh.
  2510 | D:3      | Found a basalt altar of Yredelemnul.
  2523 | D:3      | Found a white marble altar of Elyvilon.
  2964 | D:4      | Reached skill level 10 in Polearms
  2993 | D:4      | Found a snail-covered altar of Cheibriados.
  3084 | D:4      | Noticed Grinder
  3099 | D:4      | Killed Grinder
  3099 | D:4      | Reached skill level 11 in Polearms
  3099 | D:4      | Reached XP level 7. HP: 32/50 MP: 7/7
  3212 | D:4      | Acquired Yredelemnul's first power
  3513 | D:4      | Reached skill level 12 in Polearms
  3746 | D:4      | Found a bloodstained altar of Trog.
  4340 | D:5      | Entered Level 5 of the Dungeon
  4345 | D:5      | Reached XP level 8. HP: 51/56 MP: 8/8
  4558 | D:5      | Noticed Menkaure
  4567 | D:5      | Reached skill level 13 in Polearms
  4685 | D:5      | Killed Menkaure
  5022 | D:4      | Reached skill level 14 in Polearms
  5731 | D:6      | Reached skill level 5 in Dodging
  6185 | D:6      | Reached XP level 9. HP: 66/66 MP: 9/9
  6415 | D:6      | Found a staircase to the Ecumenical Temple.
  6485 | D:6      | Reached skill level 5 in Fighting
  6510 | D:6      | Acquired Yredelemnul's second power
  7134 | D:6      | Noticed Crazy Yiuf
  7141 | D:6      | Killed Crazy Yiuf
  7330 | D:7      | Reached skill level 5 in Invocations
  7407 | D:7      | Noticed Kolbur's ghost (experienced MfIE)
  9131 | D:8      | Reached XP level 10. HP: 72/74 MP: 15/15
  9204 | D:8      | Acquired Yredelemnul's third power
  9266 | D:8      | Noticed an elephant
  9348 | D:7      | Killed from afar by Kolbur's ghost

Vault maps used:
D:1:      dpeg_arrival_stone_temple_mockup, minmay_misc_feat_tiny,
          minmay_hedge_maze
D:2:      lemuel_coloured_pillars_altar, dk_yredelemnul_ordeal, uniq_sigmund
D:3:      nicolae_overflow_quartered_altars
D:4:      cheibriados_altar_1, trog_book, uniq_grinder
D:5:      first_bread, uniq_menkaure
D:6:      minmay_temple_entry_statues_pillars, nicolae_lava_and_water,
          lightli_orcish_oven, uniq_crazy_yiuf_cottage
D:7:      serial_shops, kennysheep_mini, hangedman_misty_isle
D:8:      fiery_altar_vehumet, david_lair_generic

Action                   |  1- 3 |  4- 6 |  7- 9 | 10-12 || total
-------------------------+-------+-------+-------+-------++-------
Melee: Trident           |   123 |   183 |   495 |    68 ||   869
Evoke: Wand              |       |       |       |     1 ||     1
  Use: Potion            |       |     1 |     1 |     7 ||     9
       Scroll            |       |       |       |     3 ||     3
 Stab: Sleeping          |     1 |     2 |     2 |     1 ||     6
       Distracted        |       |       |     1 |       ||     1
  Eat: Chunk             |       |     2 |     6 |       ||     8
       Bread ration      |       |     1 |     4 |       ||     5
       Fruit             |       |       |     1 |       ||     1
